 Dungeon Crawl Stone Soup version 0.30-a0-377-g5cb311bc9f (webtiles) character file.

Game seed: 14000853353997906551

441 zero the Magician (level 6, -10/34 HPs)
             Began as a Deep Elf Earth Elementalist on Nov 29, 2022.
             Mangled by Pikel
             ... wielding a +2 whip of freezing
              (15 damage)
             ... on level 3 of the Dungeon.
             The game lasted 00:04:39 (3790 turns).

zero the Magician (Deep Elf Earth Elementalist)     Turns: 3790, Time: 00:04:40

Health: -10/34     AC:  6    Str:  5    XL:     6   Next: 70%
Magic:  2/17       EV: 13    Int: 22    God:
Gold:   138        SH:  0    Dex: 15    Spells: 11/17 levels left

rFire   . . .      SeeInvis .    p - +0 shortbow
rCold   . . .      Faith    .    (shield currently unavailable)
rNeg    . . .      Spirit   .    a - +0 robe
rPois   .          Reflect  .    (no helmet)
rElec   .          Harm     .    b - +2 cloak {Will+}
rCorr   .          Rampage  .    (no gloves)
Will    +....                    u - +0 pair of boots
Stlth   ++........               (no amulet)
HPRegen 0.25/turn                (no ring)
MPRegen 0.15/turn                (no ring)

@: no status effects
A: no striking features
a: no special abilities


You were on level 3 of the Dungeon.
You visited 1 branch of the dungeon, and saw 4 of its levels.

You collected 138 gold pieces.

Inventory:

Hand Weapons
 i - a +0 mace
 p - a +0 shortbow (weapon)
Armour
 a - a +0 robe (worn)
 b - a +2 cloak of willpower (worn)
 u - a +0 pair of boots (worn)
Wands
 s - a wand of mindburst (4)
 t - a wand of iceblast (4)
 x - a wand of quicksilver (1)
Scrolls
 c - 3 scrolls of identify {unknown}
 d - a scroll of teleportation {unknown}
 e - a scroll of acquirement {unknown}
 f - a scroll of immolation {unknown}
 h - a scroll of enchant weapon {unknown}
 l - 3 scrolls of torment {unknown}
 m - a scroll of butterflies {unknown}
 n - 2 scrolls of poison {unknown}
 o - a scroll of enchant armour {unknown}
 r - a scroll of noise {unknown}
Potions
 g - a potion of haste {unknown}
 j - 3 potions of attraction {unknown}
 k - a potion of degeneration {unknown}
 q - a potion of flight {unknown}
 v - a potion of mutation {unknown}
 w - a potion of lignification {unknown}
 z - a potion of cancellation {unknown}
 A - a potion of berserk rage {unknown}


   Skills:
 - Level 1.0 Fighting
 - Level 1.0 Ranged Weapons
 - Level 4.0 Dodging
 - Level 3.0 Stealth
 - Level 6.0 Spellcasting
 - Level 3.0 Conjurations
 - Level 1.0 Translocations
 - Level 1.1 Transmutations
 + Level 4.8 Earth Magic


You had 11 spell levels left.
You knew the following spells:

 Your Spells              Type           Power      Damage    Failure   Level
a - Sandblast             Erth           54%        2d13      1%          1
b - Stone Arrow           Conj/Erth      46%        3d9       5%          3
d - Blink                 Tloc           22%        N/A       9%          2

Your spell library contained the following spells:

 Spells                   Type           Power      Damage    Failure   Level
 Passwall                 Tmut/Erth      15%        N/A       4%          2
 Momentum Strike          Conj/Tloc      30%        3d8       6%          2
 Lesser Beckoning         Tloc           22%        N/A       19%         3
 Petrify                  Tmut/Erth      19%        N/A       26%         4
 Yara's Violent Unravell  Hex/Tmut       4%         3d4       90%         5
 Enfeeble                 Hex            3%         N/A       100%        7


Dungeon Overview and Level Annotations

Branches:
Dungeon (4/15)
 Temple: D:4-7

Altars:
Sif Muna

Annotations:
D:1 exclusion: 2 downstairs
D:3 Pikel
D:4 Edmund


Message History

Casting: Stone Arrow (dangerous; 5% risk of failure)
Confirm with . or Enter, or press ? or * to list all spells.
Aiming: Stone Arrow (dangerous; 5% risk of failure)
Press: ? - help, Shift-Dir - straight line, f/p - Pikel
Aim: Pikel, wielding a +2 whip of freezing and wearing a +1 robe of willpower (moderately wounded, strong, 64% to hit)
The stone arrow hits Pikel!
Pikel is heavily wounded.
Pikel hits you with a +2 whip of freezing!
Pikel freezes you.
Casting: Stone Arrow (dangerous; 5% risk of failure)
Confirm with . or Enter, or press ? or * to list all spells.
Aiming: Stone Arrow (dangerous; 5% risk of failure)
Press: ? - help, Shift-Dir - straight line, f/p - Pikel
Aim: Pikel, wielding a +2 whip of freezing and wearing a +1 robe of willpower (heavily wounded, strong, 64% to hit)
The stone arrow misses Pikel.
Pikel hits you with a +2 whip of freezing.
* * * LOW HITPOINT WARNING * * *
Pikel freezes you.
* * * LOW HITPOINT WARNING * * *
Casting: Stone Arrow (dangerous; 5% risk of failure)
Confirm with . or Enter, or press ? or * to list all spells.
Aiming: Stone Arrow (dangerous; 5% risk of failure)
Press: ? - help, Shift-Dir - straight line, f/p - Pikel
Aim: Pikel, wielding a +2 whip of freezing and wearing a +1 robe of willpower (heavily wounded, strong, 64% to hit)
The stone arrow hits Pikel!
Pikel is severely wounded.
Pikel misses you.
Casting: Stone Arrow (dangerous; 5% risk of failure)
Confirm with . or Enter, or press ? or * to list all spells.
You don't have enough magic to cast this spell.
Unknown command.
Casting: Stone Arrow (dangerous; 5% risk of failure)
Confirm with . or Enter, or press ? or * to list all spells.
Aiming: Sandblast (safe; 1% risk of failure)
Press: ? - help, Shift-Dir - straight line, f/p - Pikel
Aim: Pikel, wielding a +2 whip of freezing and wearing a +1 robe of willpower (severely wounded, strong, 79% to hit)
The blast of sand hits Pikel but does no damage.
Pikel is severely wounded.
Pikel hits you with a +2 whip of freezing!
You die...

#.............# ###
#.............# #..
#.............#####..
#....................
#.............#####..
#.............# #...
#.............# #.##
###K#####.....# #..#
#@..........####''#
###.#########......
#....# ####......
#.##.###..#..♣♣.♣
######.##.....##..♣.♣.
#......######.##†..♣.♣
#......# #.##..♣.♣♣
#......# ###'##......
#......# #....#......


You could see Pikel (strong).

Vanquished Creatures
  Sigmund (D:2)
  A scorpion (D:4)
  A hound (D:4)
  Crazy Yiuf (D:2)
  Terence (D:2)
  Ijyb (D:3)
  5 adders
  3 dart slugs
  5 endoplasms
  2 giant cockroaches (D:1)
  4 goblins
  5 hobgoblins
  2 jackals (D:1)
  3 quokkas
  7 ball pythons
  2 bats (D:1)
  4 frilled lizards
  7 kobolds
  9 rats
64 creatures vanquished.

Notes
Turn   | Place    | Note
-------+----------+-------------------------------------------
     0 | D:1      | zero the Deep Elf Earth Elementalist began the quest for
                  | the Orb.
     0 | D:1      | Reached XP level 1. HP: 10/10 MP: 6/6
   277 | D:1      | Reached skill level 4 in Spellcasting
   277 | D:1      | Reached XP level 2. HP: 15/15 MP: 7/9
   993 | D:1      | Reached XP level 3. HP: 19/19 MP: 8/11
  1002 | D:1      | Learned a level 3 spell: Stone Arrow
  1209 | D:2      | Noticed Terence
  1270 | D:2      | Found a shimmering blue altar of Sif Muna.
  1283 | D:2      | Reached skill level 5 in Spellcasting
  1550 | D:2      | Noticed Sigmund
  1684 | D:2      | Reached skill level 1 in Conjurations
  1743 | D:2      | Found a runed translucent door.
  1744 | D:2      | Noticed Crazy Yiuf
  2231 | D:2      | Killed Sigmund
  2232 | D:2      | Reached skill level 1 in Fighting
  2232 | D:2      | Reached skill level 1 in Ranged Weapons
  2232 | D:2      | Reached XP level 4. HP: 18/25 MP: 0/13
  2232 | D:2      | Reached XP level 5. HP: 21/29 MP: 0/15
  2499 | D:2      | Killed Terence
  2589 | D:2      | Killed Crazy Yiuf
  2590 | D:2      | Reached XP level 6. HP: 8/34 MP: 12/16
  2808 | D:3      | Reached skill level 6 in Spellcasting
  3032 | D:3      | Noticed Ijyb
  3115 | D:3      | Killed Ijyb
  3643 | D:4      | Learned a level 2 spell: Blink
  3675 | D:4      | Noticed Edmund
  3731 | D:4      | Reached skill level 1 in Translocations
  3739 | D:4      | Noticed Pikel
  3790 | D:3      | Mangled by Pikel

Illustrated notes

Levels and vault maps discovered:
D:1:      dpeg_chamrin_arrival_tetris, layout_loops_corners
D:2:      layout_rooms, basic_altar, kennysheep_generic_room_14, uniq_terence,
          uniq_crazy_yiuf_cottage, uniq_sigmund
D:3:      layout_basic, serial_aquarium, aquarium_bridge_square
          [aquarium_subvault_bridge, aquarium_subvault_bridge,
          aquarium_subvault_wall, aquarium_subvault_wall],
          aquarium_bridge_straight [aquarium_subvault_bridge,
          aquarium_subvault_window, aquarium_subvault_bridge,
          aquarium_subvault_wall], aquarium_window_fake,
          aquarium_window_corridor_2, aquarium_view_4, aquarium_view_2f,
          aquarium_pool_2, kennysheep_generic_room_4, uniq_ijyb
D:4:      layout_rooms, portal_sewer_entry_f, uniq_edmund, uniq_pikel

Skill      XL: |  1  2  3  4  5  6 |
---------------+-------------------+-----
Spellcasting   | 4 5 6 |  6.0
Conjurations   | 2 3 |  3.0
Fighting       | 1 |  1.0
Ranged Weapons | 1 |  1.0
Dodging        | 3 4 |  4.0
Stealth        | 3 |  3.0
Earth Magic    | 4 |  4.8
Translocations | 1 |  1.0
Transmutations | |  1.1

Action                   |  1- 3 |  4- 6 || total
-------------------------+-------+-------++-------
Melee: Unarmed           |    19 |       ||    19
       Mace              |     4 |       ||     4
 Fire: Shortbow          |     7 |    41 ||    48
 Cast: Sandblast         |    52 |    15 ||    67
       Stone Arrow       |     8 |    13 ||    21
  Use: Potion            |       |     1 ||     1
Armor: Robe              |     9 |     6 ||    15
Dodge: Dodged            |    28 |    22 ||    50

Table legend: (Time is in decaauts)
 A = Elapsed time spent in this place.
 B = Non-inter-level travel time spent in this place.
 C = Inter-level travel time spent in this place.
 D = Time resting spent in this place.
 E = Time spent auto-exploring this place.
 F = Levels seen in this place.
 G = Mean time per level.
                   A        B        C        D        E       F      G
               +--------+--------+--------+--------+--------+-----+--------+
         Total |   3849 |   3603 |    246 |    793 |   2237 |   4 |  962.2 |
       Dungeon |   3849 |   3603 |    246 |    793 |   2237 |   4 |  962.2 |
               +--------+--------+--------+--------+--------+-----+--------+

Top non-repeatable levels by time:
     D:1: 1622 daAuts
     D:2: 1182 daAuts
     D:3: 888 daAuts
     D:4: 155 daAuts
